 Dungeon Crawl Stone Soup version 0.28-a0-1629-gf728b707aa (webtiles) character file.

Game seed: 16344706062720042724

1 GordonOverkill the Insei (level 1, 0/15 HPs)
             Began as a Barachi Transmuter on Jan 24, 2022.
             Succumbed to a kobold's poison
             ... on level 1 of the Dungeon.
             The game lasted 00:00:16 (17 turns).

GordonOverkill the Insei (Barachi Transmuter)         Turns: 17, Time: 00:00:17

Health: 0/15       AC:  2    Str: 11    XL:     1   Next: 20%
Magic:  3/3        EV: 12    Int: 13    God:
Gold:   0          SH:  0    Dex: 12    Spells: 3/4 levels left

rFire   . . .      SeeInvis .     - Unarmed
rCold   . . .      Faith    .   (no shield)
rNeg    . . .      Spirit   .   a - +0 robe
rPois   .          Reflect  .   (no helmet)
rElec   .          Harm     .   (no cloak)
rCorr   .          Rampage  .   (no gloves)
Will    .....                   (no boots)
Stlth   +.........              (no amulet)
HPRegen 0.05/turn               (no ring)
MPRegen 0.08/turn               (no ring)

@: lethally poisoned (0 -> -14), slow
A: amphibious, slowness 1, strong legs 1, +LOS
a: Hop


You were on level 1 of the Dungeon.
You visited 1 branch of the dungeon, and saw 1 of its levels.

Inventory:

Armour
 a - a +0 robe (worn)


   Skills:
 + Level 1.3 Fighting
 + Level 2.2 Dodging
 + Level 3.3 Unarmed Combat
 - Level 2.1 Spellcasting
 - Level 2.1 Transmutations


You had 3 spell levels left.
You knew the following spells:

 Your Spells              Type           Power      Damage    Failure   Level
a - Beastly Appendage     Tmut           14%        N/A       11%         1

Your spell library contained the following spells:

 Spells                   Type           Power      Damage    Failure   Level
 Wereblood                Tmut           7%         N/A       16%         2
 Spider Form              Tmut/Pois      4%         N/A       43%         3
 Ice Form                 Ice/Tmut       4%         N/A       85%         4


Dungeon Overview and Level Annotations

Branches:
Dungeon (1/15)

Altars:


Innate Abilities, Weirdness & Mutations

You are amphibious.
You cover ground slowly.
You can hop short distances.
You have an extended range of vision and can be seen from far away.


Message History

Welcome, GordonOverkill the Barachi Transmuter.
It is said that the Orb of Zot exists deep within this dungeon.
Press ? for a list of commands and other information.
Found a trident.
Found a staircase leading out of the dungeon.
Found 23 stones.
A kobold comes into view. It is wielding a +0 dagger of venom.
A kobold is nearby!
A kobold is nearby!
A kobold is nearby!
A kobold is nearby!
You hit the kobold.
The kobold is severely wounded.
The kobold hits you with a +0 dagger of venom.
You are poisoned.
You closely miss the kobold.
The kobold is severely wounded.
You feel sick.
The kobold hits you with a +0 dagger of venom.
* * * LOW HITPOINT WARNING * * *
You are lethally poisoned!
You hit the kobold.
You kill the kobold!
* * * LOW HITPOINT WARNING * * *
You feel very sick.
You die...

##...P.P...##.#.#
##.P♣.P......#...#
.#...PP.♣....P.#..#
...........♣...P..#
..P.P..P.P.....P..#
.♣.P.P.....P.P....#
#P................#
..♣P...<...P.....#
..............♣P@.#
.P.P.P.....P.............
).P....P.P..♣♣...........
#..♣P....................
##..♣......♣..♣#..?......
##..♣........#..........
##....♣...♣##.#.$...... #
..###### . .##+#### . .#


There were no monsters in sight!

Vanquished Creatures
  A kobold (D:1)
1 creature vanquished.

Notes
Turn   | Place    | Note
-------+----------+-------------------------------------------
     0 | D:1      | GordonOverkill the Barachi Transmuter began the quest for
                  | the Orb.
     0 | D:1      | Reached XP level 1. HP: 15/15 MP: 3/3
    17 | D:1      | Succumbed to a kobold's poison

Illustrated notes

Levels and vault maps discovered:
D:1:      wander_arrival_fairy_ring, layout_basic, serial_shops, shop,
          serial_rivers, chequers_serial_rivers_marsh,
          chequers_serial_rivers_large_b, chequers_serial_rivers_small_b,
          chequers_serial_rivers_small_3, chequers_serial_rivers_small_b,
          chequers_serial_rivers_room_a, dilly_ecumenical_altar_fadedgnrine,
          moated_statue, serial_park_tiny_2

Action                   || total
-------------------------++-------
Melee: Unarmed           ||     3

Table legend: (Time is in decaauts)
 A = Elapsed time spent in this place.
 B = Non-inter-level travel time spent in this place.
 C = Inter-level travel time spent in this place.
 D = Time resting spent in this place.
 E = Time spent auto-exploring this place.
 F = Levels seen in this place.
 G = Mean time per level.
                   A        B        C        D        E       F      G
               +--------+--------+--------+--------+--------+-----+--------+
         Total |     18 |     18 |      0 |      0 |      7 |   1 |   18.0 |
       Dungeon |     18 |     18 |      0 |      0 |      7 |   1 |   18.0 |
               +--------+--------+--------+--------+--------+-----+--------+

Top non-repeatable levels by time:
     D:1: 18 daAuts
